 Dungeon Crawl Stone Soup version 0.29-a0-284-gf9362112df (webtiles) character file.

Game seed: 7568220656337093024

6197 yunder69 the Cruncher (level 10, -3/77 (94) HPs)
             Began as a Minotaur Berserker on Mar 27, 2022.
             Was a Follower of Trog.
             Slain by an eight-headed hydra (8 damage)
             ... on level 9 of the Dungeon.
             The game lasted 00:28:54 (11524 turns).

yunder69 the Cruncher (Minotaur Berserker)         Turns: 11524, Time: 00:28:54

HP:   -3/77 (94)    AC: 15    Str: 25    XL:     10   Next: 61%
MP:   18/18         EV: 10    Int:  6    God:    Trog [*.....]
Gold: 501           SH:  0    Dex:  9    Spells: 9/9 levels left

rFire   + . .      SeeInvis .   v - +3 great sword (freeze)
rCold   . . .      Faith    .   (shield currently unavailable)
rNeg    . . .      Spirit   .   j - +0 fire dragon scales
rPois   .          Reflect  .   K - +2 hat {Stlth+}
rElec   .          Harm     .   z - scarf {+Inv}
rCorr   .          Rampage  .   u - +0 pair of gloves
Will    .....                   (no boots)
Stlth   ..........              (no amulet)
HPRegen 0.22/turn               m - ring of magical power
MPRegen 0.16/turn               a - ring of ice

@: about to teleport, on berserk cooldown, slowed, heavily drained, very slow
A: horns 2, retaliatory headbutt
a: Renounce Religion, Evoke Invisibility, Berserk


You were on level 9 of the Dungeon.
You worshipped Trog.
Trog was aware of your devotion.
You visited 1 branch of the dungeon, and saw 9 of its levels.

You collected 501 gold pieces.

Inventory:

Hand Weapons
 n - a +4 quarterstaff of chaos
 p - a +0 hunting sling of flaming
 v - a +3 great sword of freezing (weapon)
 H - a +2 mace of holy wrath
Missiles
 i - 12 poisoned darts
 A - 2 atropa-tipped darts
 D - 3 javelins
Armour
 b - the +1 leather armour of Intercession {rC- Will+++ Int+2 Slay+2}
   (You found it on level 3 of the Dungeon)

   Int:       It affects your intelligence (+2).
   Slay:      It affects your accuracy & damage with ranged weapons and melee
   (+2).
   rC:        It makes you vulnerable to cold.
   Will:      It greatly increases your willpower.
 j - +0 fire dragon scales (worn)
 u - a +0 pair of gloves (worn)
 y - a +0 plate armour
 z - a scarf of invisibility (worn)
 K - a +2 hat of stealth (worn)
Jewellery
 a - a ring of ice (right hand)
 m - a ring of magical power (left hand)
Wands
 q - a wand of digging (5)
 C - a wand of iceblast (8)
 F - a wand of flame (25) (quivered)
Scrolls
 c - 4 scrolls of teleportation
 f - 2 scrolls of identify
 g - a scroll of silence
 l - a scroll of holy word {unknown}
 r - a scroll of fear {unknown}
 s - a scroll of magic mapping {unknown}
 t - a scroll of brand weapon {unknown}
 w - a scroll of enchant armour {unknown}
 B - a scroll of blinking {unknown}
 J - a scroll of enchant weapon {unknown}
Potions
 d - a potion of degeneration {unknown}
 e - 3 potions of heal wounds
 h - a potion of brilliance
 k - 2 potions of ambrosia
 o - a potion of attraction
 x - a potion of mutation
 E - 4 potions of curing {unknown}
 G - a potion of might {unknown}
 I - a potion of flight {unknown}
Miscellaneous
 L - a lightning rod (4/4)


   Skills:
 + Level 10.7 Fighting
 * Level 0.0 Long Blades
 - Level 3.6(9.1) Polearms
 - Level 12.8(13.0) Staves
 + Level 10.4 Armour
 + Level 2.1 Dodging


You had 9 spell levels left.
You didn't know any spells.
Your spell library was empty.

Dungeon Overview and Level Annotations

Branches:
Dungeon (9/15)             Temple (0/1) D:6
   Lair: D:8-11         Orc: D:9-12

Altars:
Ashenzari
Elyvilon
Fedhas
Makhleb
Nemelex Xobeh
Qazlal
Zin
The Shining One
Beogh

Shops:
D:1 :   D:8 [   D:9 ?


Innate Abilities, Weirdness & Mutations

You have a pair of horns on your head.
You reflexively headbutt those who attack you in melee.


Message History

You furiously retaliate!
You headbutt the boulder beetle, but do no damage.
You hit the boulder beetle but do no damage.
The boulder beetle is severely wounded.
The boulder beetle bites you but does no damage.
The boulder beetle misses you. You furiously retaliate!
You headbutt the boulder beetle, but do no damage.
The boulder beetle leaps!
You slash the boulder beetle! You freeze the boulder beetle.
The boulder beetle is almost dead.
The boulder beetle bites you!!
The boulder beetle bites you but does no damage.
The boulder beetle leaps!
The boulder beetle curls into a ball and begins rolling!
As you open the door, it creaks loudly!
An eight-headed hydra comes into view.
The eight-headed hydra roars!
The boulder beetle hits you!
* * * LOW HITPOINT WARNING * * *
The boulder beetle stops rolling and uncurls.
You hit the boulder beetle but do no damage.
You headbutt the boulder beetle, but do no damage.
The boulder beetle is severely wounded.
The boulder beetle bites you!
* * * LOW HITPOINT WARNING * * *
The boulder beetle leaps!
The boulder beetle curls into a ball and begins rolling!
As you read the scroll of teleportation, it crumbles to dust.
You feel strangely unstable.
Okay, then.
You feel drained.
You fail to use your ability.
The boulder beetle hits you but does no damage.
The boulder beetle stops rolling and uncurls.
The eight-headed hydra closely misses you.
The eight-headed hydra bites you but does no damage.
The eight-headed hydra barely misses you.
The eight-headed hydra bites you.
* * * LOW HITPOINT WARNING * * *
The eight-headed hydra bites you!
You die...

.......####.########
.......#....# ...#
.......#....# ...#
.......#....# ... #
.......#....# ..# .#
.......#....# ..# ...#
########....# ..#....#
<.......°...#####D##..#
................@.....#
#####...........B.....#
....#...........°.....#
....#.......(....°..###
....#...............#
..###...#####.......#
#.......'...#.......#
........#...#.......########
........#...#..............#


You could see a boulder beetle and an eight-headed hydra.

Vanquished Creatures
  Gastronok (D:9)
  A two-headed ogre (D:8)
  A gargoyle (D:7)
  A slime creature (shapeshifter) (D:6)
  A wyvern (D:9)
  5 yaks (D:9)
  2 steam dragons (D:9)
  Menkaure (D:7)
  Duvessa (D:7)
  2 orc warriors
  2 ogres
  A black bear (D:7)
  2 ice beasts
  A phantom (D:5)
  3 centaurs
  A kobold brigand (D:9)
  2 bullfrogs (D:7)
  A scorpion (D:7)
  5 wights (D:8)
  Dowan (D:7)
  7 killer bees
  2 howler monkeys
  A jelly (D:5)
  3 hounds
  3 gnoll shamans
  5 orc priests
  Crazy Yiuf (D:3)
  Jessica (D:3)
  2 iguanas (D:5)
  5 orc wizards
  3 adders
  13 gnolls
  A shadow imp (D:7)
  4 worms (D:4)
  5 dart slugs
  22 orcs
  5 ball pythons
  7 endoplasms
  3 giant cockroaches
  5 goblins
  6 hobgoblins
  6 jackals
  5 quokkas
  8 bats
  2 frilled lizards (D:3)
  7 kobolds
  6 rats (D:1)
173 creatures vanquished.

Notes
Turn   | Place    | Note
-------+----------+-------------------------------------------
     0 | D:1      | yunder69 the Minotaur Berserker began the quest for the
                  | Orb.
     0 | D:1      | Reached XP level 1. HP: 19/19 MP: 0/0
   283 | D:1      | Reached XP level 2. HP: 27/27 MP: 1/1
  1060 | D:1      | Reached XP level 3. HP: 33/34 MP: 2/2
  1202 | D:1      | Found Bagiux's Book Emporium.
  1661 | D:2      | Reached ** piety under Trog
  2597 | D:3      | Reached XP level 4. HP: 40/41 MP: 3/3
  2724 | D:3      | Reached skill level 5 in Fighting
  2783 | D:3      | Noticed Jessica
  2793 | D:3      | Killed Jessica
  2925 | D:3      | Found a white marble altar of Elyvilon.
  2955 | D:3      | Identified the +1 leather armour of Intercession {rC-
                  | Will+++ Int+2 Slay+2}
  3126 | D:3      | Found a glowing silver altar of Zin.
  3222 | D:3      | Found a runed translucent door.
  3223 | D:3      | Noticed Crazy Yiuf
  3231 | D:3      | Killed Crazy Yiuf
  3450 | D:4      | Found a glowing drain.
  3462 | D:4      | Reached skill level 1 in Staves
  3462 | D:4      | Reached XP level 5. HP: 44/49 MP: 4/4
  3817 | D:4      | Reached skill level 2 in Staves
  3817 | D:4      | Reached skill level 5 in Armour
  4150 | D:4      | Reached XP level 6. HP: 57/57 MP: 5/5
  4319 | D:4      | Found a blossoming altar of Fedhas.
  4402 | D:4      | You fall into a shaft and drop 2 floors!
  4464 | D:6      | Reached skill level 3 in Staves
  4488 | D:6      | Noticed an ice beast
  4492 | D:6      | Killed an ice beast
  4493 | D:6      | Reached skill level 4 in Staves
  4495 | D:5      | Entered Level 5 of the Dungeon
  4514 | D:5      | Reached XP level 7. HP: 40/64 MP: 6/6
  4619 | D:5      | Reached skill level 5 in Staves
  5166 | D:5      | Reached skill level 6 in Staves
  5202 | D:5      | Found a burning altar of Makhleb.
  5413 | D:6      | Found a staircase to the Ecumenical Temple.
  5804 | D:5      | Reached XP level 8. HP: 62/73 MP: 7/7
  6166 | D:6      | Noticed a glowing shapeshifter
  6166 | D:6      | a gnoll changed into a glowing shapeshifter
  6166 | D:6      | Noticed an orb spider
  6166 | D:6      | a glowing shapeshifter changed into an orb spider
  6173 | D:6      | Noticed a slime creature
  6173 | D:6      | an orb spider changed into a slime creature
  6175 | D:6      | Killed a slime creature
  6176 | D:6      | Reached skill level 7 in Staves
  6544 | D:7      | Noticed Menkaure
  6554 | D:7      | Killed Menkaure
  6751 | D:7      | Noticed Duvessa
  6751 | D:7      | Noticed Dowan
  6764 | D:7      | Reached skill level 8 in Staves
  6766 | D:7      | Killed Duvessa
  6767 | D:7      | Killed Dowan
  7036 | D:7      | Found a sparkling altar of Nemelex Xobeh.
  7149 | D:7      | Noticed a gargoyle
  7155 | D:7      | Killed a gargoyle
  7156 | D:7      | Reached skill level 9 in Staves
  7156 | D:7      | Reached XP level 9. HP: 82/82 MP: 8/8
  7377 | D:8      | Noticed a two-headed ogre
  9131 | D:8      | Killed a two-headed ogre
  9132 | D:8      | Reached skill level 10 in Staves
  9710 | D:8      | Found Gulelo Qiadd's Armour Shoppe.
  9785 | D:8      | Reached skill level 11 in Staves
 10280 | D:9      | Reached XP level 10. HP: 81/93 MP: 9/9
 10325 | D:9      | Found Godag's Magic Scroll Emporium.
 10330 | D:9      | Noticed Gastronok
 10434 | D:9      | Killed Gastronok
 10435 | D:9      | Reached skill level 10 in Fighting
 10435 | D:9      | Reached skill level 12 in Staves
 10542 | D:9      | Found a stormy altar of Qazlal.
 10601 | D:9      | Found a broken altar of Ashenzari.
 10622 | D:9      | Reached skill level 10 in Armour
 10913 | D:9      | Found a glowing golden altar of the Shining One.
 11493 | D:9      | Noticed a boulder beetle
 11521 | D:9      | Noticed an eight-headed hydra
 11524 | D:9      | Slain by an eight-headed hydra

Illustrated notes

Levels and vault maps discovered:
D:1:      grunt_arrival_lava_bath, layout_basic, serial_co_window_serial,
          co_window_paths_a, co_window_paths_a, co_window_corner_a,
          co_window_paths_b, co_window_of_opportunity_a, co_window_cross_2,
          co_window_2corner, co_window_broadway_b, co_window_broadway_a,
          co_window_of_opportunity_c, glass_columns_a, glass_columns_a,
          serial_shops, shop, minmay_tripent
D:2:      layout_loops_ring, minmay_misc_feat_square
D:3:      layout_loops_cross, elyvilon_altar_5, zin_statuary, uniq_jessica,
          uniq_crazy_yiuf_cottage
D:4:      layout_gridville, fedhas_altar_4, cheibrodos_sewer_entry_sluice,
          kennysheep_orc_chapel
D:5:      layout_basic, marbit_many_paths, nrook_campfire
D:6:      layout_cave_pools, minmay_temple_entry_overgrown
D:7:      layout_loops_ring, nemelex_diamond_rough_becter, grunt_decor_clamped,
          uniq_duvessa, uniq_menkaure
D:8:      layout_cave_pools, nicolae_overflow_hidden_temple, serial_shops,
          nicolae_shop_trees
D:9:      layout_irregular_city, mainiacjoe_overflow_surrounded_room,
          nicolae_qazlal_style_of_elements, tso_metal_star, serial_shops, shop,
          uniq_gastronok

Skill      XL: |  1  2  3  4  5  6  7  8  9 10 |
---------------+-------------------------------+-----
Fighting       | 4 5 6 7 8 9 10 | 10.7
Armour         | 3 4 5 6 8 9 10 | 10.4
Staves         | 1 2 4 6 9 11 12 | 12.8
Polearms       | |  3.6
Dodging        | |  2.1

Action                   |  1- 3 |  4- 6 |  7- 9 | 10-12 || total
-------------------------+-------+-------+-------+-------++-------
Melee: Spear             |   134 |    22 |       |       ||   156
       Headbutt          |     8 |    11 |    20 |    16 ||    55
       Punch             |     1 |       |       |       ||     1
       Quarterstaff      |       |    67 |   175 |    21 ||   263
       Great sword       |       |       |       |    27 ||    27
       Rapier            |       |       |       |     8 ||     8
Invok: Trog's Hand       |       |     5 |    10 |     3 ||    18
       Berserk           |       |     5 |     9 |     6 ||    20
 Abil: Evoke Invisibilit |       |       |     1 |       ||     1
  Use: Scroll            |       |     1 |     8 |     1 ||    10
 Stab: Paralysed         |       |       |     1 |     1 ||     2
Armor: Animal skin       |    12 |       |       |       ||    12
       Leather armour    |    11 |       |       |       ||    11
       Fire dragon scale |     2 |    36 |    81 |    37 ||   156
Dodge: Dodged            |    49 |    39 |    84 |    38 ||   210

Table legend: (Time is in decaauts)
 A = Elapsed time spent in this place.
 B = Non-inter-level travel time spent in this place.
 C = Inter-level travel time spent in this place.
 D = Time resting spent in this place.
 E = Time spent auto-exploring this place.
 F = Levels seen in this place.
 G = Mean time per level.
                   A        B        C        D        E       F      G
               +--------+--------+--------+--------+--------+-----+--------+
         Total |  11742 |  11129 |    613 |   4137 |   5437 |   9 | 1304.7 |
       Dungeon |  11742 |  11129 |    613 |   4137 |   5437 |   9 | 1304.7 |
               +--------+--------+--------+--------+--------+-----+--------+

Top non-repeatable levels by time:
     D:7: 2698 daAuts
     D:5: 1508 daAuts
     D:1: 1461 daAuts
     D:9: 1418 daAuts
     D:2: 1063 daAuts
     D:4: 1048 daAuts
     D:8: 1011 daAuts
     D:3: 921 daAuts
     D:6: 611 daAuts
